 Dungeon Crawl Stone Soup version 0.30.0-29-ga12c61a403 (webtiles) character file.

Game seed: 16120212317904409888

66 qw the Chopper (level 4, -3/28 HPs)
             Began as a Gargoyle Fighter on June 2, 2023.
             Killed from afar by Sigmund (11 damage)
             ... with a puff of flame
             ... on level 2 of the Dungeon.
             The game lasted 00:00:42 (1267 turns).

qw the Chopper (Gargoyle Fighter)                   Turns: 1267, Time: 00:00:42

Health: -3/28      AC: 10    Str: 22    XL:     4   Next: 15%
Magic:  4/4        EV:  9    Int:  8    God:
Gold:   58         SH:  0    Dex:  9    Spells: 3/3 levels left

rFire   . . .        Y - +0 war axe
rCold   . . .        c - +0 buckler
rNeg    + . .        b - +0 scale mail
rPois   inf          (no helmet)
rElec   +            (no cloak)
rCorr   .            (no gloves)
SInv    .            (no boots)
Will    .....        (no amulet) Stlth
                     (no ring)
HPRegen 0.24/turn    (no ring)
MPRegen 0.09/turn

%: no passive effects
@: confused
A: sickness immunity, AC +3, negative energy resistance 1, electricity
resistance, torment resistance 1, petrification resistance
a: no special abilities


You were on level 2 of the Dungeon.
You visited 1 branch of the dungeon, and saw 2 of its levels.

You collected 58 gold pieces.


Innate Abilities, Weirdness & Mutations

You are immune to sickness and miasma.
Your stone body is resilient. (AC +3)
You are immune to poison.
You resist negative energy. (rN+)
You are resistant to electric shocks. (rElec)
You are resistant to unholy torment.
You are immune to petrification.


   Skills:
 - Level 3.2 Fighting
 + Level 3.9 Axes
 - Level 3.2 Armour
 - Level 3.2 Shields


You had 3 spell levels left.
You didn't know any spells.
Your spell library was empty.

Inventory:

Hand Weapons
 g - a +0 club
 Y - a +0 war axe (weapon)
Armour
 b - a +0 scale mail (worn)
 c - a +0 buckler (worn)
Scrolls
 a - a scroll of identify
Potions
 d - a potion of might
 e - a potion of brilliance {unknown}
 i - 2 potions of mutation {unknown}

Dungeon Overview and Level Annotations

Branches:
Dungeon (2/15)

Altars:

Annotations:
D:2 Sigmund


Message History

You block the ball python's attack. The ball python constricts you.
Sigmund hits you from afar with a +0 scythe.
You block the ball python's attack. The ball python constricts you.
You slash the ball python!
You kill the ball python!
Sigmund mumbles some strange words.
Sigmund flickers and vanishes!
Deactivating autopickup; reactivate with Ctrl-A.
The rat barely misses you.
You slash the rat!
You kill the rat!
You hear some strange, mumbled words.
You are confused.
You bump into the rock wall.
Something hits you.
You bump into the rock wall.
Something hits you.
You're too confused to move!
You're too confused to move!
Something hits you but does no damage. Something hits you but does no damage.
You see here a ball python corpse.
You bump into the rock wall.
You feel less confused. Something hits you but does no damage.
You closely miss something. Something hits you but does no damage.
You barely miss something. Something hits you but does no damage.
You miss something.
You hear some strange, mumbled words.
You are confused.
You bump into the rock wall.
Something hits you!
You bump into the rock wall.
You miss something.
You hear some strange, mumbled words.
A puff of flame appears from out of thin air!
The puff of flame hits you!
You die...

##.#.#.## #.......#
###.#.### ##.......#
### #)#.#.#.#. ..#
#........) #.#
#####.#### #.#
###....#
..####@######...####
..<....{%......###
#...###.#####.## ..
#.# #.# ..# #.# ####
#.# #.# #.# #.#


There were no monsters in sight!

Vanquished Creatures
  An adder (D:2)
  A worm (D:2)
  3 dart slugs (D:1)
  4 bats (D:1)
  5 endoplasms (D:1)
  3 goblins (D:1)
  3 hobgoblins (D:1)
  9 jackals (D:1)
  2 quokkas (D:1)
  5 ball pythons
  2 kobolds (D:1)
  4 rats
42 creatures vanquished.

Notes
Turn   | Place    | Note
-------+----------+-------------------------------------------
     0 | D:1      | qw the Gargoyle Fighter began the quest for the Orb.
     0 | D:1      | Reached XP level 1. HP: 14/14 MP: 1/1
     0 | D:1      | 0 ||| qw: Version: 0.2-a-102-gdf20003
     0 | D:1      | 0 ||| qw: Game counter: 903
     0 | D:1      | 0 ||| qw: Always use a shield: true
     0 | D:1      | 0 ||| qw: God list: Okawaru
     0 | D:1      | 0 ||| qw: Allow faded altars: false
     0 | D:1      | 0 ||| qw: Do Orc after D:15 true
     0 | D:1      | 0 ||| qw: Do second Lair branch before Depths: true
     0 | D:1      | 0 ||| qw: Lair rune preference: random
     0 | D:1      | 0 ||| qw: Plans: Normal, Zot:1-4, Slime:5, God:TSO, Crypt,
                  | Tomb, Pan, Hells, Abyss, Win
     0 | D:1      | 0 ||| PLANNING D:1-11
    60 | D:1      | 60 ||| Stepping ~*~*~tactically~*~*~ (stealth).
    83 | D:1      | Reached XP level 2. HP: 15/19 MP: 2/2
   358 | D:1      | 358 ||| Stepping ~*~*~tactically~*~*~ (stealth).
   413 | D:1      | Reached skill level 3 in Axes
   423 | D:1      | Reached XP level 3. HP: 22/23 MP: 3/3
   474 | D:1      | 474 ||| Stepping ~*~*~tactically~*~*~ (stealth).
   478 | D:1      | 478 ||| Stepping ~*~*~tactically~*~*~ (stealth).
   489 | D:1      | 489 ||| READING 2 scrolls labelled XEONEY BELLUTZ.
   495 | D:1      | 495 ||| READING scroll labelled GYKY IROKEIRO.
   497 | D:1      | 497 ||| READING scroll labelled LOSITZ DACVOPO.
   502 | D:1      | 502 ||| Stepping ~*~*~tactically~*~*~ (hiding).
   503 | D:1      | 503 ||| Stepping ~*~*~tactically~*~*~ (hiding).
   705 | D:1      | 705 ||| Stepping ~*~*~tactically~*~*~ (stealth).
  1096 | D:1      | 1096 ||| READING scroll labelled BESEYX LOEKIPS.
  1179 | D:2      | 1179 ||| Stepping ~*~*~tactically~*~*~ (stealth).
  1198 | D:2      | Reached XP level 4. HP: 24/28 MP: 4/4
  1247 | D:2      | Noticed Sigmund
  1265 | D:2      | HP: 7/28 [something (9)]
  1267 | D:2      | Killed from afar by Sigmund

Levels and vault maps discovered:
D:1:      dpeg_arrival_erosion, layout_loops_ring,
          chequers_serial_rivers_small_b
D:2:      minmay_spotlight, layout_loops_corners, uniq_natasha, uniq_sigmund

Skill      XL: |  1  2 |
---------------+-------+-----
Axes           | 2 3 |  3.9
Fighting       | |  3.2
Armour         | |  3.2
Shields        | |  3.2

Action                     |  1- 3 |  4- 6 || total
---------------------------+-------+-------++-------
  Melee: War axe           |   125 |     9 ||   134
    Use: Scroll            |     4 |       ||     4
 Armour: Scale mail        |    69 |     7 ||    76
  Dodge: Dodged            |    60 |     2 ||    62
  Block: Buckler           |    23 |     2 ||    25

Table legend:
 A = Non-vault XP
 B = Vault XP
 C = Vault XP percentage of total XP
 D = Non-vault monster count
 E = Vault monster count
 F = Vault count percentage of total count
                 A         B        C        D         E       F
            +---------+---------+-------+---------+---------+-------
      Total |      89 |       6 |   6.3 |      40 |       2 |   4.8
            +---------+---------+-------+---------+---------+-------
        D:1 |      71 |       0 |   0.0 |      36 |       0 |   0.0
        D:2 |      18 |       6 |  25.0 |       4 |       2 |  33.3
            +---------+---------+-------+---------+---------+-------
